 Dungeon Crawl Stone Soup version 0.17-a0-1899-ge84b1df (webtiles) character file.

2169 Banto the Basher (level 9, -3/79 HPs)
             Began as an Ogre Hunter on Sept 24, 2015.
             Was a Follower of Ru.
             Slain by an orc warrior
             ... wielding a +0 broad axe
              (24 damage)
             ... on level 6 of the Dungeon.
             The game lasted 00:12:17 (7093 turns).

Banto the Basher (Ogre Hunter)                      Turns: 7093, Time: 00:12:17

Health: -3/79      AC:  4    Str: 22    XL:     9   Next: 32%
Magic:  9/9        EV: 10    Int: 12    God:    Ru [*.....]
Gold:   301        SH:  0    Dex: 13    Spells: 0 memorised, 8 levels left

rFire  + . .     SeeInvis .     z - +1 great mace "Vyran" {crush, rF+ Str+3 Stlth+} (curse)
rCold  . . .     Clarity  .     d - +0 robe
rNeg   . . .     SustAt   .     (no shield)
rPois  .         Gourm    .     (helmet restricted)
rElec  .         Spirit   .     (no cloak)
rCorr  .         Warding  .     (gloves unavailable)
rMut   .         Stasis   .     (boots unavailable)
MR     .....                    (no amulet)
Stlth  ++........               l - ring of invisibility
                                f - +2 ring of slaying

@: confused, not resistant to hostile enchantments, unstealthy
A: unfitting armour, fangs 1, hooves 1, molten scales 1, clever 1, frail 1,
tough skin 1, evolution 1, hated by all
a: Renounce Religion, Evoke Invisibility


You were on level 6 of the Dungeon.
You worshipped Ru.
Ru was aware of your devotion.
You were not hungry.

You visited 1 branch of the dungeon, and saw 6 of its levels.

You collected 301 gold pieces.

Inventory:

Hand weapons
 a - a +0 mace
 b - a +0 blowgun
 k - a +0 giant club
 y - a +0 giant spiked club
 z - the cursed +1 great mace "Vyran" (weapon) {crush, rF+ Str+3 Stlth+}
   (You found it on level 5 of the Dungeon)

   It inflicts extra damage upon your enemies.
   It affects your strength (+3).
   It protects you from fire.
   It makes you more stealthy.
   It has a curse placed upon it.
Missiles
 m - 5 large rocks
 n - 2 throwing nets
 p - 15 poisoned needles
 x - 5 tomahawks (quivered)
Armour
 d - a +0 robe (worn)
Jewellery
 f - a +2 ring of slaying (left hand)
 l - a ring of invisibility (right hand)
Magical devices
 j - a wand of random effects (16)
 r - a wand of fire (11)
 w - a wand of invisibility (5)
 C - a wand of slowing (28)
Scrolls
 h - 2 scrolls of remove curse
 t - a scroll of recharging
 A - a scroll of identify
Potions
 g - 4 potions of curing
 o - 3 potions of magic
 s - a potion of cancellation {unknown}
 u - a potion of degeneration {unknown}
 v - 2 potions of agility {unknown}
 B - a potion of cure mutation {unknown}
Comestibles
 e - 4 bread rations
 i - 4 meat rations
 D - 3 chunks of flesh


   Skills:
 + Level 5.2 Fighting
 * Level 13.0 Maces & Flails
 - Level 7.0 Throwing
 - Level 1.7 Dodging
 - Level 0.7 Stealth


You had 8 spell levels left.
You didn't know any spells.

Dungeon Overview and Level Annotations

Branches:
Dungeon (6/15)
 Temple: D:4-7

Altars:
Elyvilon
Makhleb
Nemelex Xobeh
Ru
Yredelemnul

Shops:
D:6 =


Innate Abilities, Weirdness & Mutations

You are too large for most types of armour.
You have tough skin (AC +1).
You are hated by all.
You have very sharp teeth.
You have large cloven feet.
You are partially covered in molten scales (AC +1).
Your mind is acute. (Int +2)
You are frail (-10% HP).
You evolve.


Message History

The orc warrior hits you with a broad axe.
* * * LOW HITPOINT WARNING * * *
Read which item? (? for menu, Esc to quit)
Okay, then.
Drink which item? (? for menu, Esc to quit)
You are confused.
You feel invigorated. The orc barely misses you.
The orc warrior closely misses you. The orc barely misses you.
You're too confused to move!
The orc hits you with a falchion. The orc warrior barely misses you.
You miss the orc warrior.
The orc warrior is heavily wounded.
The orc barely misses you.
The orc warrior hits you with a broad axe!!
* * * LOW HITPOINT WARNING * * *
You bludgeon the orc!!
You kill the orc!
The orc warrior hits you with a broad axe!!
You die...

##......## ##..## ##
##)..##...#####..##
##..
##[.#####...##.>.##
#... ##..## ##......##
#... ##..## ##....##
#.... ##..## #....#
#..... ##).## #....#
#...... #..## ##..o.##
##....... ...#
##..@)..#####........
..##
##...#....[...........
.##
##..#####..............
## ##..##
##.<[.........# # #..##
##.........### # #..#
#........## ## #..#
#<.......# .# #..#
##.......# .## #..#
#.......#


You could see an orc warrior.

Vanquished Creatures
  The ghost of Banto the Basher, an experienced OgHu (D:5)
  Prince Ribbit (D:5)
  A slave (D:6)
  4 ogres
  2 phantoms (D:4)
  A centaur (D:6)
  Blork the orc (D:6)
  A scorpion (D:4)
  3 wights (D:6)
  2 centaur zombies
  A giant frog zombie (D:5)
  2 crimson imps
  An orc priest (D:6)
  A giant frog skeleton (D:6)
  8 orc wizards
  3 worker ants
  A hound skeleton (D:6)
  4 gnolls (D:4)
  3 adders
  An ooze (D:1)
  2 adder skeletons
  A worm (D:1)
  3 giant geckos
  33 orcs
  A ball python (D:1)
  5 giant cockroaches
  6 goblins
  8 hobgoblins
  6 jackals (D:1)
  5 quokkas
  2 bats (D:1)
  A giant gecko skeleton (D:4)
  2 giant newts
  A jackal skeleton (D:5)
  5 kobolds
  A quokka skeleton (D:5)
  2 rats
126 creatures vanquished.

Notes
Turn   | Place    | Note
--------------------------------------------------------------
     0 | D:1      | Banto the Ogre Hunter began the quest for the Orb.
     0 | D:1      | Reached XP level 1. HP: 22/22 MP: 1/1
   108 | D:1      | Reached XP level 2. HP: 26/31 MP: 2/2
   129 | D:1      | Reached skill level 1 in Maces & Flails
   698 | D:1      | Reached XP level 3. HP: 11/37 MP: 3/3
  1048 | D:1      | Gained mutation: You have very sharp teeth. [potion of mutation]
  1048 | D:1      | Gained mutation: You evolve. [potion of mutation]
  1048 | D:1      | Gained mutation: You are partially covered in icy blue scales (AC +1). [potion of mutation]
  1074 | D:1      | Reached skill level 5 in Throwing
  1354 | D:2      | Found a white marble altar of Elyvilon.
  1442 | D:2      | Found a sacrificial altar of Ru.
  1447 | D:2      | Became a worshipper of Ru the Awakened
  1592 | D:2      | Found a faded altar to an unknown god.
  1634 | D:2      | Found a basalt altar of Yredelemnul.
  2020 | D:3      | Reached XP level 4. HP: 42/45 MP: 4/4
  2701 | D:3      | Reached XP level 5. HP: 43/53 MP: 5/5
  2792 | D:3      | Reached skill level 6 in Throwing
  3236 | D:3      | Gained mutation: You are hated by all. [Ru sacrifice]
  3236 | D:3      | Acquired Ru's first power
  3282 | D:4      | Reached XP level 6. HP: 29/61 MP: 6/6
  3667 | D:4      | Reached skill level 5 in Maces & Flails
  3903 | D:4      | Noticed a phantom
  3966 | D:4      | Gained mutation: You are frail (-10% HP). [evolution]
  4387 | D:4      | Reached skill level 7 in Throwing
  4428 | D:4      | Noticed a phantom
  4447 | D:4      | Gained mutation: You have large cloven feet. [potion of mutation]
  4447 | D:4      | Gained mutation: Your mind is acute. (Int +2) [potion of mutation]
  4447 | D:4      | Gained mutation: You are partially covered in molten scales (AC +1). [potion of mutation]
  4486 | D:4      | Killed a phantom
  4486 | D:4      | Reached XP level 7. HP: 22/61 MP: 7/7
  4536 | D:4      | Killed a phantom
  4700 | D:5      | Entered Level 5 of the Dungeon
  4750 | D:5      | Found a burning altar of Makhleb.
  4861 | D:5      | Noticed Banto's ghost (experienced OgHu)
  5079 | D:5      | Reached skill level 5 in Fighting
  5412 | D:5      | Got an iridescent great mace
  5413 | D:5      | Identified the cursed +1 great mace "Vyran" {crush, rF+ Str+3 Stlth+} (You found it on level 5 of the Dungeon)
  5540 | D:5      | Found a sparkling altar of Nemelex Xobeh.
  5564 | D:5      | Noticed Prince Ribbit
  5589 | D:5      | Killed Prince Ribbit
  5589 | D:5      | Reached skill level 9 in Maces & Flails
  5589 | D:5      | Reached XP level 8. HP: 61/72 MP: 8/8
  5822 | D:5      | Killed Banto's ghost
  5822 | D:5      | Reached skill level 11 in Maces & Flails
  5975 | D:5      | Lost mutation: You are partially covered in icy blue scales (AC +1). [evolution]
  6218 | D:6      | Reached XP level 9. HP: 52/79 MP: 9/9
  6382 | D:6      | Found Zejiuxo's Jewellery Shoppe.
  6492 | D:6      | Reached skill level 12 in Maces & Flails
  6493 | D:6      | Noticed Blork the orc
  6528 | D:6      | Killed Blork the orc
  6931 | D:6      | Reached skill level 13 in Maces & Flails
  7085 | D:6      | HP: 2/79 [orc warrior/broad axe (20)]
  7093 | D:6      | Slain by an orc warrior

Vault maps used:
D:1:      lemuel_arrival_room
D:2:      yredelemnul_altar_generic, nicolae_ru_awakened_eye, first_bread,
          ecumenical_altar_2, elyvilon_altar_5
D:3:      serial_glass, glass_columns_a, glass_columns_a, glass_columns_b,
          glass_columns_a
D:4:      small_statue_alley_b
D:5:      nemelex_xobeh_ov_fountains_minmay, basic_altar,
          kennysheep_generic_room_9, uniq_prince_ribbit1
D:6:      lemuel_blue_sif_altar, serial_shops, kennysheep_mini,
          nicolae_shop_behind_doors, kennysheep_generic_room_11,
          uniq_blork_the_orc, uniq_pikel

Action                   |  1- 3 |  4- 6 |  7- 9 || total
-------------------------+-------+-------+-------++-------
Melee: Short sword       |    10 |       |       ||    10
       Club              |    68 |       |       ||    68
       Whip              |    56 |    35 |       ||    91
       Mace              |       |   125 |    46 ||   171
       Great mace        |       |       |    83 ||    83
 Fire: Blowgun           |       |    27 |     3 ||    30
Throw: Large rock        |     3 |     7 |     2 ||    12
       Tomahawk          |       |     4 |    29 ||    33
Invok: Sacrifice Love    |       |     1 |       ||     1
       Reject Sacrifices |       |       |     1 ||     1
Evoke: Wand              |       |       |     4 ||     4
  Use: Scroll            |     4 |     6 |     2 ||    12
       Potion            |     1 |     1 |     3 ||     5
 Stab: Sleeping          |     1 |     1 |       ||     2
       Distracted        |       |       |     1 ||     1
  Eat: Chunk             |     3 |     6 |     9 ||    18
       Beef jerky        |       |     1 |       ||     1
